 Dungeon Crawl Stone Soup version 0.21.1-1-g345015f (webtiles) character file.

147 sking99 the Chopper (level 5, -3/46 HPs)
             Began as a Hill Orc Fighter on June 14, 2018.
             Killed from afar by Ramesses's ghost (7 damage)
             ... with a sting
             ... on level 3 of the Dungeon.
             The game lasted 00:09:29 (2674 turns).

sking99 the Chopper (Hill Orc Fighter)              Turns: 2674, Time: 00:09:30

Health: -3/46      AC:  6    Str: 20    XL:     5   Next: 29%
Magic:  5/5        EV:  6    Int:  8    God:
Gold:   127        SH:  8    Dex: 10    Spells: 4/4 levels left

rFire    . . .     SeeInvis .   a - +0 war axe
rCold    . . .     Gourm    .   c - +0 shield
rNeg     . . .     Faith    .   b - +0 scale mail
rPois    .         Spirit   .   (no helmet)
rElec    .         Reflect  .   (no cloak)
rCorr    .         Harm     .   (no gloves)
MR       .....                  (no boots)
Stlth    ..........             (no amulet)
HPRegen  0.15/turn              (no ring)
MPRegen  0.09/turn              (no ring)

@: lethally poisoned (-3 -> -19), heavily drained
A: no striking features
a: no special abilities


You were on level 3 of the Dungeon.
You were hungry.

You visited 1 branch of the dungeon, and saw 3 of its levels.

You collected 127 gold pieces.

Inventory:

Hand Weapons
 a - a +0 war axe (weapon)
Armour
 b - a +0 scale mail (worn)
 c - a +0 shield (worn)
Jewellery
 h - an uncursed ring of see invisible {unknown}
Scrolls
 d - a scroll of identify
 i - a scroll of fog {unknown}
 k - 2 scrolls of blinking {unknown}
Potions
 e - a potion of brilliance {unknown}
 j - a potion of curing
 l - a potion of lignification {unknown}
 m - a potion of mutation {unknown}
Comestibles
 f - a ration


   Skills:
 + Level 4.1(1.9) Fighting
 * Level 5.5(3.3) Axes
 + Level 4.0(1.9) Armour
 + Level 0.2(0.0) Dodging
 + Level 3.7(1.6) Shields


You had 4 spell levels left.
You didn't know any spells.

Dungeon Overview and Level Annotations

Branches:
Dungeon (3/15)

Altars:

Annotations:
D:3 Ramesses's ghost, amateur MfVM


Message History

Ramesses's ghost casts a spell at you. The sting hits you!
You are more poisoned.
* * * LOW HITPOINT WARNING * * *
Ramesses's ghost casts a spell at you. The sting hits you!
You are lethally poisoned!
* * * LOW HITPOINT WARNING * * *
* * * LOW HITPOINT WARNING * * *
You feel sick.
Ramesses's ghost gestures at you while chanting.
The ball explodes into a vile cloud!
The stinking cloud engulfs you!
* * * LOW HITPOINT WARNING * * *
You feel sick.
* * * LOW HITPOINT WARNING * * *
You feel sick.
Ramesses's ghost gestures at you while chanting.
The sting hits you!
You are more poisoned.
You die...

###
##.##############################
..................§§§.(..........
##..............@.§§§.W..))......
.###########..<###########.......
# ##8###8#.### #.######
........)# #.# .
.........######## #W# .
................. #K# #
##⌠###8##...###.. ...
############....+ ..#
................# .#.#


You could see Ramesses's ghost.

Vanquished Creatures
  2 adders
  6 gnolls
  A worm (D:2)
  6 dart slugs
  A leopard gecko (D:1)
  A ball python (D:2)
  3 bats (D:1)
  3 giant cockroaches
  9 goblins
  6 hobgoblins
  4 jackals (D:1)
  A quokka (D:2)
  3 frilled lizards
  6 kobolds
  3 rats
55 creatures vanquished.

Notes
Turn   | Place    | Note
-------+----------+-------------------------------------------
     0 | D:1      | sking99 the Hill Orc Fighter began the quest for the Orb.
     0 | D:1      | Reached XP level 1. HP: 19/19 MP: 1/1
   203 | D:1      | Reached XP level 2. HP: 27/27 MP: 2/2
   255 | D:1      | Reached skill level 3 in Axes
   367 | D:1      | Reached XP level 3. HP: 32/33 MP: 3/3
   786 | D:1      | Reached skill level 4 in Axes
  1243 | D:2      | Reached XP level 4. HP: 40/40 MP: 4/4
  1711 | D:2      | Reached skill level 5 in Axes
  2170 | D:2      | Reached XP level 5. HP: 46/46 MP: 5/5
  2633 | D:3      | Noticed Ramesses's ghost (amateur MfVM)
  2674 | D:3      | Killed from afar by Ramesses's ghost

Skill      XL: |  1  2  3  4  5 |
---------------+----------------+-----
Axes           | 3 4 5 |  5.5
Fighting       | 4 |  4.1
Armour         | 4 |  4.0
Dodging        | |  0.2
Shields        | |  3.7

Action                   |  1- 3 |  4- 6 || total
-------------------------+-------+-------++-------
Melee: War axe           |   100 |   104 ||   204
  Use: Scroll            |       |     5 ||     5
       Potion            |       |     3 ||     3
  Eat: Chunk             |     1 |     1 ||     2
       Ration            |       |     1 ||     1
Armor: Scale mail        |    37 |    28 ||    65
Dodge: Dodged            |    38 |    37 ||    75
Block: Shield            |    51 |    48 ||    99
